 Dungeon Crawl Stone Soup version 0.20.1-1-g8b1a95d (webtiles) character file.

95 Irenicus the Chopper (level 4, -2/40 HPs)
             Began as a Deep Dwarf Monk on Nov 11, 2017.
             Slain by an iron imp (10 damage)
             ... summoned by Eustachio
             ... on level 4 of the Dungeon.
             The game lasted 00:06:39 (1003 turns).

Irenicus the Chopper (Deep Dwarf Monk)              Turns: 1003, Time: 00:06:40

Health: -2/40      AC:  4    Str: 14    XL:     4   Next: 40%
Magic:  4/4        EV: 13    Int: 11    God:
Gold:   54         SH:  0    Dex: 16    Spells: 3/3 levels left

rFire    . . .     SeeInvis .   a - +0 hand axe
rCold    . . .     Gourm    .   (no shield)
rNeg     . . .     Faith    .   d - +0 leather armour
rPois    .         Spirit   .   (no helmet)
rElec    .         Reflect  .   (no cloak)
rCorr    .         Harm     .   (no gloves)
MR       .....                  j - +0 pair of boots
Stlth    ++........             (no amulet)
Regen    0.0/turn               (no ring)
MPRegen  0.1/turn               (no ring)

@: very slightly contaminated, non-regenerating, invisible (expiring)
A: damage resistance, heal wounds, sense surroundings 1, no regeneration
a: Heal Wounds


You were on level 4 of the Dungeon.
You were hungry.

You visited 1 branch of the dungeon, and saw 4 of its levels.

You collected 54 gold pieces.

Inventory:

Hand Weapons
 a - a +0 hand axe (weapon)
Missiles
 i - 2 tomahawks (quivered)
Armour
 b - a +0 robe
 d - a +0 leather armour (worn)
 j - a +0 pair of boots (worn)
Scrolls
 e - a scroll of blinking {unknown}
 f - 2 scrolls of teleportation {unknown}
 g - a scroll of fog {unknown}
 h - a scroll of recharging {unknown}
 l - a scroll of remove curse {unknown}
 p - a scroll of fear {unknown}
Potions
 m - a potion of curing {unknown}
 o - a potion of degeneration {unknown}
Comestibles
 c - 2 bread rations
 n - a meat ration


   Skills:
 - Level 2.6 Fighting
 + Level 5.7 Axes
 - Level 3.2 Dodging
 - Level 2.4 Stealth


You had 3 spell levels left.
You didn't know any spells.

Dungeon Overview and Level Annotations

Branches:
Dungeon (4/15)
 Temple: D:4-7

Altars:
Nemelex Xobeh

Annotations:
D:4 Eustachio


Innate Abilities, Weirdness & Mutations

You are resistant to damage.
You can heal yourself by infusing magical energy.
You passively map a small area around you.
You do not regenerate.


Message History

* * * LOW HITPOINT WARNING * * *
The shadow imp closely misses you. The crimson imp hits you.
* * * LOW HITPOINT WARNING * * *
You hit Eustachio but do no damage.
Eustachio is severely wounded.
You hit the shadow imp but do no damage.
You hit the crimson imp. You hit the iron imp but do no damage.
You flicker for a moment.
Eustachio hits you with a rapier. The iron imp misses you.
The shadow imp hits you. The crimson imp barely misses you.
The iron imp shouts, "Slither hence, thou horrid full-gorged bugbear!"
You hit Eustachio.
Eustachio is almost dead.
You hit the shadow imp.
You strike the helpless crimson imp from behind!
You hit the crimson imp. You hit the iron imp. Eustachio misses you.
The shadow imp hits you but does no damage.
The crimson imp hits you but does no damage.
The iron imp hits you!
You die...

##........
#........#
##........
#........#
..<.......
#........#
.....#####
#........#
.....#
#...##...#
##...#,,
,######...#
##...#
,,,#....(...#
.....#
+.>.5....#
.....#, ,
#(..@@5..#
....#
#....5...# ,
#........#
,#........# ,
, ##########
, , , *


You could see Eustachio, an iron imp, a crimson imp and a shadow imp.

Vanquished Creatures
  Terence (D:2)
  2 adders
  A worm (D:2)
  2 dart slugs (D:1)
  A leopard gecko (D:4)
  3 orcs (D:3)
  A giant cockroach (D:3)
  6 goblins
  3 hobgoblins
  12 jackals
  A kobold (D:1)
  A ball python (D:1)
  4 bats
  3 frilled lizards (D:1)
41 creatures vanquished.

Notes
Turn   | Place    | Note
-------+----------+-------------------------------------------
     0 | D:1      | Irenicus the Deep Dwarf Monk began the quest for the Orb.
     0 | D:1      | Reached XP level 1. HP: 20/20 MP: 1/1
   157 | D:1      | Reached skill level 4 in Axes
   157 | D:1      | Reached XP level 2. HP: 9/27 MP: 2/2
   506 | D:2      | Noticed Terence
   527 | D:2      | Killed Terence
   527 | D:2      | Reached skill level 5 in Axes
   527 | D:2      | Reached XP level 3. HP: 28/33 MP: 3/3
   562 | D:2      | Found a sparkling altar of Nemelex Xobeh.
   716 | D:3      | Reached XP level 4. HP: 28/40 MP: 4/4
   737 | D:3      | Found a faded altar of an unknown god.
   981 | D:4      | Noticed Eustachio
  1003 | D:4      | Slain by an iron imp

Skill      XL: |  1  2 |
---------------+-------+-----
Axes           | 4 5 |  5.7
Fighting       | |  2.6
Dodging        | |  3.2
Stealth        | |  2.4

Action                   |  1- 3 |  4- 6 || total
-------------------------+-------+-------++-------
Melee: Hand axe          |   110 |    54 ||   164
Throw: Tomahawk          |     5 |     6 ||    11
 Abil: Heal Wounds       |     1 |       ||     1
  Use: Potion            |       |     1 ||     1
 Stab: Sleeping          |     3 |       ||     3
       Invisible         |       |     5 ||     5
Armor: Leather armour    |    28 |    10 ||    38
Dodge: Dodged            |    62 |    46 ||   108
